 Dungeon Crawl Stone Soup version 0.25.1-8-g42b30a86e7 (webtiles) character file.

Game seed: 14231538510927018064

1050 Clowwww the Chopper (level 8, 13/61 HPs)
             Began as a Demonspawn Fighter on Dec 8, 2020.
             Quit the game on level 5 of the Dungeon.
             The game lasted 00:09:32 (5592 turns).

Clowwww the Chopper (Demonspawn Fighter)            Turns: 5592, Time: 00:09:32

Health: 13/61      AC: 20    Str: 19    XL:     8   Next: 5%
Magic:  8/8        EV:  8    Int:  9    God:
Gold:   256        SH: 10    Dex: 19    Spells: 7/7 levels left

rFire    + . .     SeeInvis .   a - +2 war axe
rCold    x . .     Gourm    .   c - +0 kite shield
rNeg     . . .     Faith    .   b - +1 scale mail
rPois    .         Spirit   .   (helmet restricted)
rElec    .         Reflect  .   (no cloak)
rCorr    .         Harm     .   (no gloves)
MR       .....                  (no boots)
Stlth    +.........             (no amulet)
HPRegen  0.20/turn              g - ring of fire
MPRegen  0.11/turn              w - +6 ring of dexterity

@: mighty, quite poisoned (13 -> 8), sanguine armour
A: horns 1, powered by pain 1, sanguine armour 3
a: no special abilities


You were on level 5 of the Dungeon.
You were not hungry.

You visited 2 branches of the dungeon, and saw 6 of its levels.

You collected 256 gold pieces.

Inventory:

Hand Weapons
 a - a +2 war axe (weapon)
Missiles
 y - 5 javelins
 B - 8 boomerangs (quivered)
Armour
 b - a +1 scale mail (worn)
 c - a +0 kite shield (worn)
 A - cursed +0 fire dragon scales
Jewellery
 g - a ring of fire (left hand)
 j - an uncursed ring of flight
 w - a +6 ring of dexterity (right hand)
Wands
 z - a wand of paralysis (5)
Scrolls
 e - 3 scrolls of identify
 i - 3 scrolls of amnesia
 k - 4 scrolls of fear
 n - a scroll of torment {unknown}
 p - a scroll of enchant weapon
 s - 3 scrolls of teleportation
 u - a scroll of blinking
 C - a scroll of remove curse
Potions
 h - 4 potions of stabbing
 l - a potion of lignification
 m - a potion of ambrosia {unknown}
 o - a potion of invisibility {unknown}
 q - 2 potions of heal wounds {unknown}
 t - a potion of magic {unknown}
 v - 3 potions of curing {unknown}
 x - 5 potions of haste {unknown}
Comestibles
 f - 7 rations


   Skills:
 + Level 4.6 Fighting
 + Level 5.6 Axes
 + Level 2.2 Throwing
 + Level 4.3 Armour
 + Level 1.3 Dodging
 + Level 0.6 Stealth
 + Level 4.2 Shields


You had 7 spell levels left.
You didn't know any spells.
Your spell library contained the following spells:

 Spells                   Type           Power        Failure   Level  Hunger
 Summon Small Mammal      Summ           #...         99%         1    ##.....
 Call Imp                 Summ           #.......     100%        2    ###....
 Call Canine Familiar     Summ           #.......     100%        3    ####...
 Confusing Touch          Hex            #.......     100%        3    ####...
 Gell's Gravitas          Tloc           #.........   100%        3    ####...
 Summon Guardian Golem    Hex/Summ       #.......     100%        3    ####...
 Petrify                  Tmut/Erth      #.......     100%        4    #####..
 Summon Ice Beast         Ice/Summ       #.......     100%        4    #####..
 Summon Lightning Spire   Summ/Air       #.......     100%        4    #####..
 Metabolic Englaciation   Hex/Ice        #.........   100%        5    ######.
 Yara's Violent Unravell  Hex/Tmut       #.........   100%        5    ######.


Dungeon Overview and Level Annotations

Branches:
Dungeon (5/15)             Temple (1/1) D:5

Altars:
Cheibriados
Elyvilon
Fedhas
Gozag
Kikubaaqudgha
Nemelex Xobeh
Okawaru
Ru
Sif Muna
Trog
Uskayaw
Vehumet
Wu Jian
Xom
Yredelemnul
The Shining One


Innate Abilities, Weirdness & Mutations

You have a pair of small horns on your head.
You sometimes gain a little power by taking damage.
When seriously injured, your bleeding wounds create very thick armour. (AC +12)


Message History

You feel very mighty all of a sudden.
You feel sick.
The frilled lizard bites you but does no damage.
You slash the frilled lizard!
You kill the frilled lizard!
You feel sick.
You slash the ogre!
The ogre is heavily wounded.
You feel sick. The ogre hits you with a +0 giant club!
You slash the ogre!
The ogre is almost dead.
You feel sick. The ogre hits you with a +0 giant club!
* * * LOW HITPOINT WARNING * * *
You slice the ogre!!
You kill the ogre!
You have reached level 8!
You feel stronger.
Your demonic ancestry asserts itself...
A pair of horns grows on your head!
You feel sick.
Are you sure you want to abandon this character and quit the game? (Confirm with "yes".)

##### # #...# .+ #.8.+ ..#
##########...# !.#
#........#...#.Z#
#.....##.'.8@w#
#)....####...#.# ## #.....#
#...# .# .####.....# #.8.+ ..
.#........# #...# ##
.#....########################
.'....'......................#
##....#######.#.####.#.....###
.'..........#.#.............#


You could see a dart slug and a centaur skeleton.

Vanquished Creatures
  The ghost of kaldamae the Changer, a novice OpTm (D:5)
  A sky beast (D:5)
  An ogre (D:5)
  A bullfrog (D:5)
  A scorpion (D:4)
  A howler monkey (D:4)
  A crimson imp (D:5)
  2 hounds (D:4)
  2 orc wizards (D:4)
  A bullfrog skeleton (D:2)
  An iguana (D:4)
  2 worker ants
  3 gnolls (D:2)
  9 adders
  2 adder skeletons (D:4)
  An adder zombie (D:5)
  3 worms (D:2)
  3 dart slugs
  3 leopard geckos
  2 orcs (D:4)
  2 giant cockroaches
  9 goblins
  7 hobgoblins
  9 jackals (D:2)
  3 quokkas
  A ball python (D:5)
  4 bats
  4 frilled lizards
  3 kobolds
  7 rats
90 creatures vanquished.

Notes
Turn   | Place    | Note
-------+----------+-------------------------------------------
     0 | D:1      | Clowwww the Demonspawn Fighter began the quest for the Orb.
     0 | D:1      | Reached XP level 1. HP: 18/18 MP: 1/1
   174 | D:1      | Gained mutation: When seriously injured, your bleeding
                  | wounds create armour. (AC +12) [demonic ancestry]
   174 | D:1      | Reached XP level 2. HP: 17/24 MP: 2/2
   537 | D:1      | Reached skill level 2 in Axes
   821 | D:2      | Gained mutation: When seriously injured, your bleeding
                  | wounds create thick armour. (AC +12) [demonic ancestry]
   821 | D:2      | Reached XP level 3. HP: 24/29 MP: 3/3
   930 | D:2      | Gained mutation: When seriously injured, your bleeding
                  | wounds create very thick armour. (AC +12) [demonic
                  | ancestry]
   930 | D:2      | Reached XP level 4. HP: 16/35 MP: 4/4
  1201 | D:2      | Reached skill level 3 in Axes
  1815 | D:2      | Gained mutation: You sometimes gain a little power by
                  | taking damage. [demonic ancestry]
  1815 | D:2      | Reached XP level 5. HP: 40/42 MP: 5/5
  3277 | D:4      | Reached XP level 6. HP: 19/48 MP: 6/6
  3591 | D:4      | Reached skill level 1 in Throwing
  3848 | D:4      | Found a basalt altar of Yredelemnul.
  4028 | D:4      | Reached skill level 4 in Axes
  4037 | D:4      | Reached skill level 1 in Dodging
  4412 | D:5      | Entered Level 5 of the Dungeon
  4428 | D:5      | Found a snail-covered altar of Cheibriados.
  4524 | D:5      | Found a runed translucent door.
  4626 | D:5      | Noticed kaldamae's ghost (novice OpTm)
  4639 | D:5      | Killed kaldamae's ghost
  4639 | D:5      | Reached XP level 7. HP: 23/55 MP: 7/7
  4952 | D:5      | Found a staircase to the Ecumenical Temple.
  4962 | Temple   | Entered the Ecumenical Temple
  5172 | D:5      | Reached skill level 5 in Axes
  5591 | D:5      | Gained mutation: You have a pair of small horns on your
                  | head. [demonic ancestry]
  5591 | D:5      | Reached XP level 8. HP: 13/61 MP: 8/8
  5592 | D:5      | Quit the game

Illustrated notes

Levels and vault maps discovered:
D:1:      saegor_arrival_simple_e, layout_loops_ring, minmay_pentomino_x4
D:2:      layout_loops_corners
D:3:      layout_basic, first_ration
D:4:      layout_loops_ring, yredelemnul_altar_generic
D:5:      minmay_chambers_of_threes, layout_basic, minmay_temple_entry_ruins,
          ebering_ghost_reflecting_pool, kennysheep_slug_shrine
Temple:   regret_index_temple_waves

Skill      XL: |  1  2  3  4  5  6  7 |
---------------+----------------------+-----
Shields        | 3 4 |  4.2
Axes           | 2 3 4 5 |  5.6
Armour         | 3 4 |  4.3
Fighting       | 4 |  4.6
Throwing       | 1 2 |  2.2
Dodging        | 1 |  1.3
Stealth        | |  0.6

Action                   |  1- 3 |  4- 6 |  7- 9 || total
-------------------------+-------+-------+-------++-------
Melee: War axe           |    64 |   207 |    53 ||   324
Throw: Boomerang         |       |    19 |    13 ||    32
       Javelin           |       |     2 |       ||     2
  Use: Scroll            |       |    14 |       ||    14
       Potion            |       |     1 |     1 ||     2
  Eat: Chunk             |       |     9 |       ||     9
       Ration            |       |     1 |     1 ||     2
Armor: Scale mail        |    27 |    81 |    18 ||   126
Dodge: Dodged            |    21 |    55 |    19 ||    95
Block: Kite shield       |    29 |   107 |    19 ||   155
